Map: Curious Minds LE

Players

Andes

  • Race: Protoss Protoss

bean - Winner!

  • Race: Terran Terran
  • League: Platinum

VOD

Have the link to the VOD?

Description

Time

  • Played on: Dec. 21, 2021, 9:26 p.m.
  • Length: 7:41
Show
View Real Time Build Order
Export as new Build Order

Andes Protoss 

Build Orders:  

Get SALT Encoding   

  12  0:02  Probe  
  13  0:21  Pylon  
  13  0:30  Pylon  
  13  0:43  Gateway  
  13  0:48  Probe (Chrono Boost)  
  14  1:01  Probe (Chrono Boost)  
  15  1:04  Gateway  
  15  1:16  Probe  
  16  1:28  Probe  
  17  2:02  Pylon  
  17  2:08  Forge  
  17  2:14  Zealot  
  19  2:16  Zealot  
  21  2:39  Cybernetics Core  
  21  2:42  Zealot  
  21  2:43  Zealot  
  25  2:48  Photon Cannon  
  25  2:53  Photon Cannon  
  25  2:59  Photon Cannon  
  25  3:09  Zealot  
  25  3:10  Zealot  
  29  3:17  Photon Cannon  
  29  3:25  Photon Cannon  
  29  3:31  Photon Cannon  
  29  3:36  Zealot  
  31  3:49  Pylon  
  31  4:05  Nexus  
  31  4:18  Pylon  
  31  4:29  Pylon  
  31  4:35  Zealot x2  
  35  4:45  Probe  
  36  4:57  Probe  
  36  4:59  Photon Cannon  
  37  5:02  Zealot x2  
  37  5:05  Photon Cannon  
  41  5:17  Assimilator  
  41  5:21  Assimilator  
  41  5:27  Probe  
  42  5:40  Probe  
  43  5:44  Pylon  
  43  5:50  Probe  
  43  5:52  Probe  
  45  6:03  Probe  
  45  6:04  Probe, Photon Cannon  
  47  6:05  Photon Cannon  
  47  6:13  Photon Cannon  
  47  6:16  Probe  
  48  6:28  Probe  
  49  6:40  Probe  
  50  6:49  Probe  
  50  6:52  Probe  
  52  7:01  Probe  
  52  7:04  Probe  
  52  7:08  Photon Cannon  
  54  7:10  Photon Cannon  
  54  7:13  Photon Cannon  
Show
View Real Time Build Order
Export as new Build Order

bean Terran - Winner!

Build Orders:  

Get SALT Encoding   

  12  0:00  SCV  
  13  0:12  SCV  
  14  0:17  Supply Depot  
  14  0:24  SCV  
  15  0:44  Barracks  
  15  0:46  SCV  
  15  0:48  Refinery  
  16  0:58  SCV  
  17  1:10  SCV  
  18  1:22  SCV  
  19  1:35  Orbital Command  
  19  1:40  Barracks Reactor  
  19  1:43  Command Center  
  19  2:03  SCV  
  20  2:15  SCV  
  20  2:16  Marine x2  
  23  2:24  Supply Depot  
  23  2:37  Barracks  
  23  2:38  Barracks  
  23  2:46  Marine x2, SCV  
  23  2:49  Refinery  
  26  2:58  SCV  
  27  3:00  Orbital Command  
  27  3:03  Marine x2  
  29  3:10  SCV  
  30  3:21  Marine x2  
  30  3:22  SCV  
  30  3:23  Supply Depot  
  33  3:28  SCV  
  33  3:33  Barracks Tech Lab  
  33  3:34  Barracks Tech Lab, SCV  
  34  3:39  Marine x2  
  34  3:40  SCV  
  38  3:46  Factory, SCV  
  39  3:54  Combat Shield  
  39  3:57  Marine x2, Stimpack  
  39  4:00  SCV  
  42  4:05  Marine  
  42  4:06  Marine  
  42  4:08  SCV  
  45  4:15  Marine  
  46  4:17  Supply Depot  
  46  4:23  Supply Depot, SCV x2  
  48  4:24  Marine  
  48  4:30  Marine x2  
  51  4:32  Marine  
  51  4:35  SCV  
  51  4:36  SCV  
  54  4:42  Starport, Marine  
  55  4:47  SCV  
  55  4:48  Marine x2  
  55  4:49  Factory Reactor  
  58  4:55  SCV  
  58  4:59  SCV  
  60  5:01  Engineering Bay  
  60  5:04  Marine x2  
  60  5:05  Marine  
  60  5:06  Marine  
  64  5:07  SCV  
  64  5:11  Supply Depot  
  65  5:15  Supply Depot, SCV  
  65  5:19  SCV  
  65  5:20  Concussive Shells  
  67  5:30  Refinery  
  67  5:35  Marine x4  
  70  5:46  Terran Infantry Weapons Level 1  
  70  5:50  Medivac  
  70  5:51  Medivac  
  70  5:53  Marine x4  
  70  5:54  Factory Tech Lab  
  70  5:55  Supply Depot  
  70  5:56  Supply Depot  
  78  6:03  SCV x2  
  80  6:10  Refinery  
  80  6:11  Marine x2  
  82  6:15  SCV x2  
  84  6:19  Supply Depot, Marine x2  
  84  6:22  Siege Tank  
  84  6:24  Supply Depot  
  89  6:28  Marine x2  
  91  6:42  Supply Depot  
  91  6:45  SCV x2  
  91  6:46  Marine x4  
  97  6:48  Supply Depot  
  97  6:57  SCV  
  98  7:03  Marine  
  98  7:04  Marine x3  
  98  7:07  Siege Tank  
  105  7:12  SCV x2  
  106  7:21  Marine x2  
  94  7:22  Marine  
  94  7:23  Marine  
  94  7:24  SCV x2  
  89  7:39  Barracks  
Tags
 
Add a new tag
Caveats
  • Supply blocks, unpowered buildings, or Contaminate may cause inaccurate times.
  • Supply counts are checked every 10 seconds.